 Dungeon Crawl Stone Soup version 0.31-a0-1068-g5939ac1 (webtiles) character file.

Game seed: 6003682510874413637

1960993 DevouringOne the Invulnerable (level 26, 244/244 HPs)
             Began as an Armataur Fighter on Nov 23, 2023.
             Was an Initiate of Gozag.
             Escaped with the Orb
             ... and 3 runes!
             The game lasted 01:27:05 (51248 turns).

DevouringOne the Invulnerable (Armataur Fighter)   Turns: 51248, Time: 01:27:05

Health: 244/244    AC: 55    Str: 25 (26) XL:     26   Next: 55%
Magic:  23/23      EV:  3    Int: 12      God:    Gozag
Gold:   1970       SH: 20    Dex: 13      Spells: 25/25 levels left

rFire   + +          +
                       - Unarmed
rCold   + + +        X - +5 kite shield {AC+3}
rNeg    + + +        f - +9 scales of the Dragon King {rPois rF+ rC+ Will+}
rPois   +            O - -2 hat of the Alchemist {rElec rPois rF+ rC+ rN+ Will+ rMut rCorr}
rElec   +            D - +2 cloak {Will+}
rCorr   +            P - +2 pair of gloves {hurl}
SInv    +            W - +4 barding {rF+}
Will    +++++        S - amulet of regeneration Stlth
                     h - ring "Cear" {Fly rN+ Str-4 Dex+3 SInv}
HPRegen 1.40/turn    B - ring of Heresy {rF+ rC+ rN+ SInv}
MPRegen 0.18/turn

%: clarity, resist mutation, roll
@: gold aura, flying, studying 3 skills
A: large, deformed body, tough skin 3, armoured tail, roll 2, long tongue, fangs
1, horns 1, clarity, deterioration 1, fire resistance 1, strong-willed 1,
screaming 1, wild magic 1, MP-powered wands
0: Orb of Zot
}: 3/15 runes: serpentine, barnacled, silver
a: Renounce Religion, Potion Petition, Call Merchant, Bribe Branch


You escaped.
You worshipped Gozag.
Gozag was most pleased with you.
You visited 10 branches of the dungeon, and saw 48 of its levels.
You visited 1 bazaar.
You visited 1 ziggurat, and saw 7 of its levels.
You also visited: Bailey.

You collected 24854 gold pieces.
You spent 9768 gold pieces at shops.
You paid 13116 gold pieces to Gozag.

Inventory:

Missiles
 V - 6 throwing nets
Armour
 f - the +9 scales of the Dragon King (worn) {rPois rF+ rC+ Will+}
   (You bought it in a shop in a bazaar)

   rF+:       It protects you from fire.
   rC+:       It protects you from cold.
   rPois:     It protects you from poison Will+: It increases your willpower.
 D - a +2 cloak of willpower (worn)
 O - the -2 hat of the Alchemist (worn) {rElec rPois rF+ rC+ rN+ Will+ rMut rCorr}
   (You bought it in a shop on level 1 of the Lair of Beasts)

   rF+:       It protects you from fire.
   rC+:       It protects you from cold.
   rElec:     It insulates you from electricity.
   rPois:     It protects you from poison rN+: It protects you from negative
   energy.
   Will+:     It increases your willpower.
   rCorr:     It protects you from acid and corrosion.
   rMut:      It protects you from mutation.
 P - a +2 pair of gloves of hurling (worn)
 W - a +4 barding of fire resistance (worn)
 X - a +5 kite shield of protection (worn)
Jewellery
 h - the ring "Cear" (left hand) {Fly rN+ Str-4 Dex+3 SInv}
   (You found it on level 1 of the Shoals)

   [ring of positive energy]

   Str-4:     It affects your strength (-4).
   Dex+3:     It affects your dexterity (+3).
   rN+:       It protects you from negative energy.
   SInv:      It lets you see invisible.
   Fly:       It grants you flight.
 B - the ring of Heresy (right hand) {rF+ rC+ rN+ SInv}
   (You took it off a deep elf sorcerer on level 5 of the Vaults)

   [ring of see invisible]

   rF+:       It protects you from fire.
   rC+:       It protects you from cold.
   rN+:       It protects you from negative energy.
   SInv:      It lets you see invisible.
 M - the ring of Yfraqy {rC+ AC+4}
   (You bought it in a shop on level 1 of the Shoals)

   [ring of protection]

   AC+4:      It affects your AC (+4).
   rC+:       It protects you from cold.
 S - an amulet of regeneration (around neck)
Wands
 a - a wand of acid (37)
 c - a wand of mindburst (15)
 s - a wand of flame (137)
 x - a wand of digging (32)
 C - a wand of charming (26)
 J - a wand of polymorph (27)
 U - a wand of roots (23)
Scrolls
 b - a scroll of noise
 d - 5 scrolls of fog
 e - 3 scrolls of revelation
 g - 14 scrolls of enchant weapon
 i - 15 scrolls of teleportation
 j - 5 scrolls of immolation
 n - 5 scrolls of vulnerability
 q - 2 scrolls of butterflies
 v - 3 scrolls of blinking
 y - 3 scrolls of enchant armour
 H - 3 scrolls of fear
 N - 2 scrolls of silence
 Q - 5 scrolls of torment
 Y - a scroll of poison
Potions
 l - 2 potions of invisibility
 m - 10 potions of enlightenment
 o - 11 potions of attraction
 p - 2 potions of resistance
 r - 9 potions of mutation
 t - 6 potions of berserk rage
 u - 20 potions of curing
 w - 3 potions of haste
 z - 5 potions of brilliance
 E - 2 potions of lignification
 F - a potion of magic
 G - 4 potions of cancellation
 I - 2 potions of might
 L - 6 potions of heal wounds
 Z - 2 potions of ambrosia
Miscellaneous
 k - a phantom mirror
 K - a tin of tremorstones (2/2)
 R - a phial of floods
 T - a lightning rod (4/4)


   Skills:
 + Level 21.1 Fighting
 O Level 27 Armour
 - Level 20.9 Shields
 * Level 26.1 Unarmed Combat


You had 25 spell levels left.
You didn't know any spells.
Your spell library contained the following spells:

 Spells                   Type           Power      Damage    Failure   Level
 Kiss of Death            Conj/Necr      0%         2d5       98%         1
 Magic Dart               Conj           0%         1d3       98%         1
 Sandblast                Erth           0%         2d4       98%         1
 Shock                    Conj/Air       0%         1d3       98%         1
 Sting                    Tmut/Pois      0%         1d3       98%         1
 Summon Small Mammal      Summ           0%         N/A       98%         1
 Blink                    Tloc           0%         N/A       99%         2
 Call Imp                 Summ           0%         N/A       99%         2
 Cigotuvi's Dreadful Rot  Necr/Pois/Air  0%         N/A       99%         2
 Lesser Beckoning         Tloc           0%         N/A       99%         2
 Momentum Strike          Conj/Tloc      0%         3d8       99%         2
 Passwall                 Tmut/Erth      0%         N/A       99%         2
 Poisonous Vapours        Pois/Air       0%         N/A       99%         2
 Searing Ray              Conj           0%         2d4       99%         2
 Static Discharge         Conj/Air       0%         3-3/arc   99%         2
 Sublimation of Blood     Necr           0%         N/A       99%         2
 Call Canine Familiar     Summ           0%         N/A       100%        3
 Confusing Touch          Hex            0%         N/A       100%        3
 Gell's Gravitas          Tloc           0%         N/A       100%        3
 Ignite Poison            Fire/Tmut/Pois 0%         N/A       100%        3
 Inner Flame              Hex/Fire       0%         N/A       100%        3
 Mephitic Cloud           Conj/Pois/Air  0%         N/A       100%        3
 Stone Arrow              Conj/Erth      0%         3d7       100%        3
 Summon Guardian Golem    Hex/Summ       0%         N/A       100%        3
 Swiftness                Air            0%         N/A       100%        3
 Teleport Other           Tloc           0%         N/A       100%        3
 Tukima's Dance           Hex            0%         N/A       100%        3
 Airstrike                Air            0%         2d(0-16)  100%        4
 Brom's Barrelling Bould  Conj/Erth      0%         2d3       100%        4
 Dimensional Bullseye     Hex/Tloc       0%         N/A       100%        4
 Flame Wave               Conj/Fire      0%         2d4       100%        4
 Fulminant Prism          Conj/Hex       0%         3d5       100%        4
 Iskenderun's Mystic Bla  Conj/Tloc      0%         2d3       100%        4
 Manifold Assault         Tloc           0%         N/A       100%        4
 Olgreb's Toxic Radiance  Pois           0%         N/A       100%        4
 Passage of Golubria      Tloc           0%         N/A       100%        4
 Petrify                  Tmut/Erth      0%         N/A       100%        4
 Sticky Flame             Conj/Fire      0%         2d3       100%        4
 Summon Ice Beast         Ice/Summ       0%         N/A       100%        4
 Vhi's Electric Charge    Tloc/Air       0%         N/A       100%        4
 Arcjolt                  Conj/Air       0%         1d10      100%        5
 Borgnjor's Vile Clutch   Necr/Erth      0%         N/A       100%        5
 Freezing Cloud           Conj/Ice/Air   0%         6-21      100%        5
 Irradiate                Conj/Tmut      0%         3d11      100%        5
 Silence                  Hex/Air        0%         N/A       100%        5
 Summon Mana Viper        Hex/Summ       0%         N/A       100%        5
 Yara's Violent Unravell  Hex/Tmut       0%         3d3       100%        5
 Conjure Ball Lightning   Conj/Air       0%         3x3d6     100%        6
 Dispersal                Tloc           0%         N/A       100%        6
 Enfeeble                 Hex            0%         N/A       100%        7
 Malign Gateway           Summ/Tloc      0%         N/A       100%        7
 Monstrous Menagerie      Summ           0%         N/A       100%        7
 Discord                  Hex            0%         N/A       100%        8
 Disjunction              Tloc           0%         N/A       100%        8
 Ignition                 Fire           0%         3d3       100%        8
 Maxwell's Capacitive Co  Air            0%         ∞         100%        8
 Summon Horrible Things   Summ           0%         N/A       100%        8
 Shatter                  Erth           0%         3d5*      100%        9


Dungeon Overview and Level Annotations

Branches:
Dungeon (15/15)            Temple (1/1) D:4            Lair (5/5) D:8
 Shoals (4/4) Lair:2        Snake (4/4) Lair:2        Slime (0/5) Lair:4
    Orc (2/2) D:12            Elf (3/3) Orc:2        Vaults (5/5) D:13
  Crypt (0/3) Vaults:2     Depths (4/4) D:15            Zot (5/5) Depths:4
 Bailey (visited)

Altars:
Ashenzari
Cheibriados
Dithmenos
Elyvilon
Fedhas
Gozag
Hepliaklqana
Kikubaaqudgha
Makhleb
Nemelex Xobeh
Okawaru
Qazlal
Ru
Sif Muna
Trog
Uskayaw
Vehumet
Wu Jian
Xom
Yredelemnul
Zin
The Shining One
Jiyva

Shops:
D:8 !   D:10 =   Orc:2 !((:[   Elf:2 [*   Elf:3 *   Lair:1 ?[   Shoals:1 [=
Snake:1 (!*=?   Vaults:2 :[   Vaults:3 [   Depths:2 :=:   Depths:3 ==[*

Portals:
Hell: Depths:1 Depths:2
Abyss: Depths:2 Depths:3
Pandemonium: Depths:2 Depths:3

Annotations:
D:4 2 transporters, NewUser1's ghost, amateur DjFE
D:8 2 transporters
D:11 Snorg
D:15 Roxanne
Orc:1 Jorgrun
Elf:2 3 runed translucent doors
Depths:2 4 runed translucent doors
Zot:2 Vv


Innate Abilities, Weirdness & Mutations

Armour fits poorly on your strangely shaped body.
You have extremely tough skin. (AC +3)
You have a long armoured tail.
You roll and regenerate health when moving toward enemies. (Rampage Heal)
Your long tongue fully drains potion bottles. (2x potion effects)
You have very sharp teeth.
You have a pair of small horns on your head.
You possess an exceptional clarity of mind.
Your body sometimes deteriorates upon taking damage.
Your flesh is heat resistant. (rF+)
You are strong-willed. (Will+)
You occasionally shout uncontrollably at your foes.
Your spells are a little harder to cast, but a little more powerful.
You expend magic power (3 MP) to strengthen your wands.


Message History

There is a stone staircase leading down here.
There is an escape hatch in the floor here.
There is a stone staircase leading up here.
You fly upwards.
Level annotation: 2 transporters, NewUser1's ghost, amateur DjFE
There is a stone staircase leading down here.
There is an open door here.
There is a stone staircase leading up here.
You fly upwards.
There is a stone staircase leading down here.
There is a stone staircase leading up here.
You fly upwards.
There is a stone staircase leading down here.
There is a stone staircase leading up here.
You fly upwards.
The kobold throws a stone.
The stone hits you but does no damage.
There is a stone staircase leading down here.
The kobold throws a stone.
The stone hits you but does no damage.
The kobold throws a stone.
You block the stone.
The kobold throws a stone.
You block the stone.
The kobold throws a stone.
You block the stone.
The kobold throws a stone.
You block the stone. You block the kobold's attack.
You barely miss the kobold. Your headbutt misses the kobold.
You block the kobold's attack.
You punch the kobold!
You kill the kobold!
No target in view!
No target in view!
No target in view!
Blink to where?
Press: ? - help, Q - select action, (/) - cycle Dir - move target
As you read the scroll of blinking, it crumbles to dust.
Blink to where?
Press: ? - help, Q - select action, (/) - cycle Dir - move target
As you read the scroll of blinking, it crumbles to dust.
Blink to where?
Press: ? - help, Q - select action, (/) - cycle Dir - move target
As you read the scroll of blinking, it crumbles to dust.
You have escaped!

#..........................#
#...........................
#..........................#
#..........................#
#........P..P.....§........#
#.......§≈≈§≈≈.P.§P.........
#.............≈§§≈§≈.P..P...
#..............§§..§≈≈≈≈≈≈..
######.....@...§.......§....
#...........§§.≈≈≈§§≈..
###........≈≈≈§§≈.P.§P...
.....≈≈≈§≈≈.P.§P...§.....
......P..P........§.....#
...........................
.........................#
........................#
.........................


There were no monsters in sight!

Vanquished Creatures
  A dread lich (Vaults:5)
  An orb of fire (Zot:3)
  An ancient lich (Depths:4)
  A juggernaut (Depths:3)
  2 Killer Klowns (Zot:5)
  Xtahua (Depths:3)
  Saint Roka (Depths:2)
  Margery (Vaults:4)
  Vashnia (Snake:4)
  8 golden dragons
  Nikola (Shoals:2)
  Jory (Vaults:4)
  Norris (Vaults:4)
  A bone dragon (Depths:4)
  An electric golem (Zot:5)
  4 pandemonium lords
  2 Ice Fiends
  A Hell Sentinel (Zig:3)
  Zenata (Vaults:4)
  5 tentacled monstrosities
  4 liches
  6 Orb Guardians (Zot:5)
  7 titans
  The ghost of Qefi the Executioner, an adept MiBe of Trog (Shoals:1)
  5 krakens
  3 deep elf blademasters (Elf:3)
  3 deep elf master archers (Elf:3)
  An Executioner (Zig:7)
  An acid blob (Zig:2)
  2 death cobs
  An eldritch tentacle (Vaults:5)
  Polyphemus (Shoals:4)
  A quicksilver dragon (Vaults:5)
  A sphinx (Depths:2)
  Aizul (Snake:4)
  Agnes (Snake:4)
  6 shadow dragons
  Gastronok (Lair:3)
  4 tengu reavers
  Ilsuiw (Shoals:2)
  4 draconian monks
  4 storm dragons
  Donald (Shoals:2)
  A draconian knight (Zot:4)
  A daeva (Zig:6)
  5 fire giants
  5 nagarajas
  2 draconian scorchers (Zot:4)
  A quicksilver elemental (Zig:3)
  A rockslime (shapeshifter) (Vaults:5)
  19 vault wardens
  8 frost giants
  3 balrugs
  2 orc warlords
  8 deep elf sorcerers
  3 draconian shifters
  A ghost moth (Zot:4)
  Louise (Shoals:4)
  A ghost moth (shapeshifter) (Vaults:5)
  15 ironbound preservers
  A reaper (Depths:2)
  An iron dragon (Depths:4)
  An angel (Zig:6)
  A cacodemon (Depths:4)
  2 war gargoyles (Vaults:5)
  A spriggan defender (Depths:3)
  5 spectral caustic shrikes (Depths:2)
  3 vampire knights (Depths:1)
  3 formless jellyfish
  11 stone giants
  A draconian annihilator (Depths:4)
  26 very ugly things
  3 green draconians
  2 apis (Zig:6)
  An ophan (Zig:6)
  8 deep elf demonologists
  8 dire elephants
  6 ironbound thunderhulks
  3 red draconians
  13 deep elf annihilators
  A demonspawn black sun (Zig:7)
  5 black draconians
  A lorocyproca (Zig:7)
  3 spark wasps
  A purple draconian (Depths:4)
  A bunyip (Zig:5)
  5 yellow draconians
  12 ettins
  8 deep elf death magi
  7 white draconians
  6 merfolk impalers
  A green death (Depths:3)
  A blizzard demon (Depths:2)
  2 entropy weavers (Vaults:1)
  A fire dragon (shapeshifter) (Vaults:5)
  5 deep elf high priests
  8 fire dragons
  13 yaktaur captains
  27 vault guards
  A peacekeeper (Vaults:4)
  7 great orbs of eyes
  2 rakshasas
  9 hydras
  4 catoblepae
  An alligator snapping turtle (Shoals:4)
  3 salamander tyrants
  4 ice dragons
  An anaconda (shapeshifter) (Vaults:5)
  8 anacondas
  14 centaur warriors
  Erica (D:8)
  7 ironbound frosthearts
  8 ogre magi
  2 satyrs (Shoals:4)
  20 two-headed ogres
  6 deep troll shamans
  7 tengu warriors
  3 merfolk avatars
  24 naga warriors
  12 dancing weapons
  7 merfolk aquamancers
  9 deep troll earth magi
  4 shock serpents
  3 boulder beetles
  19 hell knights
  9 death yaks
  12 naga sharpshooters
  A soul eater (Depths:2)
  A crystal echidna (Zig:3)
  11 deep elf knights
  6 skysharks
  4 salamander mystics
  2 sixfirhies
  A storm dragon zombie (Vaults:4)
  58 deep trolls
  5 iron trolls
  6 sun demons
  A cherub (Zig:6)
  A flayed ghost (Vaults:5)
  A goliath frog (Zig:5)
  A sun moth (Zig:6)
  2 lindwurms (shapeshifter) (Vaults:5)
  A shadow wraith (Vaults:5)
  2 shadow demons
  6 naga ritualists
  A spriggan druid (Zig:5)
  4 glowing orange brains
  7 deep elf archers
  An orange crystal statue (Zig:3)
  A glowing orange brain (shapeshifter) (Vaults:5)
  2 obsidian statues (Zig:3)
  14 sea snakes
  9 phantasmal warriors
  A steelbarb worm (shapeshifter) (Depths:3)
  13 lindwurms
  5 orc knights
  14 arcanists
  27 harpies
  15 necromancers
  24 deep elf pyromancers
  25 deep elf zephyrmancers
  15 ironbound convokers
  10 mana vipers
  A mana viper (shapeshifter) (D:14)
  38 ugly things
  An orc sorcerer (Depths:2)
  4 fauns (Shoals:4)
  A will-o-the-wisp (Zig:5)
  A fire giant zombie (Vaults:3)
  12 elephants
  3 cyclopes
  14 manticores
  13 salamanders
  A tengu skeleton (Vaults:4)
  13 vault sentinels
  7 moths of wrath
  10 merfolk sirens
  3 guardian serpents
  13 naga magi
  2 rust devils
  29 black mambas
  5 water nymphs
  A torpor snail (Lair:1)
  An ice statue (Zig:3)
  4 gargoyles
  17 cane toads
  2 kobold demonologists (D:9)
  A human zombie (Vaults:3)
  2 rime drakes
  8 komodo dragons
  3 freezing wraiths
  Psyche (D:9)
  A tormentor (Depths:4)
  21 yaktaurs
  An efreet (D:15)
  6 tengu conjurers
  2 ice devils
  A queen bee (shapeshifter) (Elf:2)
  A red devil (Zot:2)
  A yaktaur skeleton (Vaults:4)
  A troll (shapeshifter) (Vaults:5)
  10 wind drakes
  A polar bear (Lair:2)
  A meliai (shapeshifter) (D:13)
  2 tyrant leeches (Zig:5)
  4 trolls
  A hellwing (Depths:4)
  3 hornets
  34 merfolk
  16 blink frogs
  4 dream sheep (Lair:3)
  8 snapping turtles
  A raiju (shapeshifter) (D:15)
  A centaur simulacrum (D:15)
  A dream sheep (shapeshifter) (D:13)
  An ettin zombie (Vaults:3)
  A stone giant simulacrum (Vaults:4)
  2 air elementals
  26 slime creatures
  5 wyverns
  Sigmund (D:6)
  A shadow (D:11)
  A ynoxinul (Depths:2)
  16 water elementals
  A wraith (D:12)
  2 fire bats (Elf:2)
  A vampire (D:13)
  6 basilisks
  3 fire elementals
  64 yaks
  A chaos spawn (Zot:5)
  17 humans (D:13)
  11 vampire mosquitoes
  2 steam dragons
  A redback (Vaults:1)
  56 nagas
  5 wargs
  9 water moccasins
  A water moccasin (shapeshifter) (D:15)
  2 glowing shapeshifter skeletons
  A black bear (Lair:5)
  17 orc warriors
  A sky beast (D:8)
  2 ice beasts
  7 boggarts
  An ogre (shapeshifter) (Vaults:5)
  29 ogres
  8 centaurs
  8 wolves
  A phantom (D:6)
  8 kobold brigands
  3 earth elementals
  16 bullfrogs
  A scorpion (D:6)
  2 wights
  2 howler monkeys
  2 electric eels
  A human simulacrum (Vaults:3)
  2 jellies
  3 hounds
  A sleepcap (D:5)
  2 iguanas
  9 orc priests
  16 orc wizards
  12 hell rats
  A mummy (D:10)
  7 gnolls
  8 adders
  2 white imps
  2 ufetubi (D:6)
  4 worms
  2 dart slugs
  58 orcs
  10 endoplasms
  7 giant cockroaches
  22 goblins
  14 hobgoblins
  5 jackals
  4 quokkas
  7 ball pythons
  5 bats
  3 frilled lizards
  38 kobolds
  A rat (D:3)
  14 tentacles
1824 creatures vanquished.

Vanquished Creatures (collateral kills)
  An ancient lich (Zot:5)
  An electric golem (Zot:5)
  8 Orb Guardians (Zot:5)
  A storm dragon (Zot:5)
  A black draconian (Zot:5)
  2 green draconians (Zot:5)
  A white draconian (Zot:5)
  A wight (D:6)
  A sleepcap (D:7)
  A gnoll (D:5)
  An adder (D:4)
  An orc (D:7)
20 creatures vanquished.

Vanquished Creatures (others)
  An orb of fire (Zot:5)
  A Killer Klown (Zot:5)
  A tentacled monstrosity (Zot:5)
  2 Orb Guardians (Zot:5)
  A ghost moth (Zot:5)
  A white draconian (Zot:5)
  A red draconian (Zot:2)
  A tengu warrior (D:13)
  A dancing weapon (Elf:1)
  A deep elf pyromancer (Elf:2)
  A deep elf zephyrmancer (Elf:3)
  An orc warrior (Depths:2)
  A boggart (Vaults:1)
  A scorpion (D:4)
  A wight (D:7)
  A gnoll bouda (D:5)
  An orc (Depths:2)
  A goblin (Bailey)
  2 foxfires (Zig:5)
  24 tentacles
45 creatures vanquished.

Grand Total: 1889 creatures vanquished

Notes
Turn   | Place    | Note
-------+----------+-------------------------------------------
     0 | D:1      | DevouringOne the Armataur Fighter began the quest for the
                  | Orb.
     0 | D:1      | Reached XP level 1. HP: 18/18 MP: 1/1
   123 | D:1      | Reached XP level 2. HP: 24/25 MP: 2/2
   181 | D:1      | Found a faded altar of an unknown god.
   516 | D:2      | Reached XP level 3. HP: 17/31 MP: 3/3
  1213 | D:2      | Reached XP level 4. HP: 38/38 MP: 4/4
  1911 | D:3      | Identified the +10 quarterstaff of Ruseel {antimagic,
                  | *Noise +Blink rPois Int+3}
  2439 | D:4      | Found a transporter.
  2476 | D:4      | Reached XP level 5. HP: 46/46 MP: 1/5
  2627 | D:4      | Found an ornate altar of the Wu Jian Council.
  2688 | D:4      | Found a staircase to the Ecumenical Temple.
  2709 | D:4      | Reached XP level 6. HP: 51/52 MP: 2/6
  2735 | Temple   | Entered the Ecumenical Temple
  2786 | D:4      | Reached skill level 5 in Unarmed Combat
  2843 | D:4      | Found a transporter.
  2951 | D:4      | Noticed NewUser1's ghost (amateur DjFE)
  3097 | D:5      | Entered Level 5 of the Dungeon
  3457 | D:5      | Gained mutation: You roll and regenerate health when moving
                  | toward enemies. (Rampage Heal) [Armataur growth]
  3457 | D:5      | Reached XP level 7. HP: 49/60 MP: 2/7
  3789 | D:5      | Reached skill level 5 in Fighting
  3988 | D:6      | Noticed Sigmund
  3997 | D:6      | Killed Sigmund
  4018 | D:6      | Found an iron altar of Okawaru.
  4030 | D:6      | Reached XP level 8. HP: 52/69 MP: 2/8
  5518 | D:7      | Gained mutation: Your tail ends in a venomous barb. [potion
                  | of mutation]
  5518 | D:7      | Gained mutation: Your body sometimes deteriorates upon
                  | taking damage. [potion of mutation]
  5518 | D:7      | Gained mutation: Your spells are a little easier to cast,
                  | but a little less powerful. [potion of mutation]
  5518 | D:7      | Gained mutation: You are robust. (+10% HP) [potion of
                  | mutation]
  5518 | D:7      | Lost mutation: Your spells are a little easier to cast, but
                  | a little less powerful. [potion of mutation]
  5817 | D:7      | Reached XP level 9. HP: 45/85 MP: 3/9
  6032 | D:7      | Found a sparkling altar of Nemelex Xobeh.
  6644 | D:8      | Noticed a cyclops
  6770 | D:8      | Found Utiwneek's Distillery.
  6794 | D:8      | Found an opulent altar of Gozag.
  6804 | D:8      | Became a worshipper of Gozag Ym Sagoz the Greedy
  6855 | D:8      | Bought 2 potions of curing for 72 gold pieces
  6855 | D:8      | Bought 2 potions of lignification for 72 gold pieces
  6855 | D:8      | Bought a potion of curing for 36 gold pieces
  6889 | D:8      | Found a flagged portal.
  6907 | Bailey   | Entered a bailey
  6980 | Bailey   | Reached skill level 10 in Unarmed Combat
  7359 | Bailey   | Noticed an orc warlord
  7391 | Bailey   | Killed an orc warlord
  7392 | Bailey   | Reached XP level 10. HP: 34/96 MP: 3/10
  7700 | Bailey   | Noticed an orc knight
  7716 | Bailey   | Killed an orc knight
  8287 | Bailey   | Reached skill level 11 in Armour
  8287 | Bailey   | Reached skill level 10 in Shields
  8287 | Bailey   | Reached XP level 11. HP: 104/104 MP: 11/11
  8287 | Bailey   | Reached XP level 12. HP: 113/113 MP: 12/12
  8467 | D:8      | Found a staircase to the Lair.
  8469 | D:8      | Found a transporter.
  8469 | D:8      | Found a transporter.
  8469 | D:8      | Noticed Psyche
  8469 | D:8      | Noticed Erica
  8826 | D:9      | Paralysed by a hornet for 1 turns
  8828 | D:9      | Paralysed by a hornet for 1 turns
  9089 | D:9      | Noticed a two-headed ogre
  9094 | D:9      | Killed a two-headed ogre
  9256 | D:9      | Found a basalt altar of Yredelemnul.
  9535 | D:9      | Found a shadowy altar of Dithmenos.
  9732 | D:9      | Found a glowing golden altar of the Shining One.
  9831 | D:10     | Entered Level 10 of the Dungeon
 10105 | D:10     | Found a sacrificial altar of Ru.
 10348 | D:10     | Identified a scroll of acquirement
 10348 | D:10     | Acquired 664 gold pieces
 10351 | D:10     | Bought the amulet "Mujuut" {Acrobat rElec rF+} for 765 gold
                  | pieces
 10521 | D:10     | Found a snail-covered altar of Cheibriados.
 10857 | D:11     | Noticed Snorg
 10937 | D:12     | Found a staircase to the Orcish Mines.
 10971 | D:12     | Noticed a boulder beetle
 10980 | D:12     | Killed a boulder beetle
 11086 | D:12     | Noticed a two-headed ogre
 11095 | D:12     | Killed a two-headed ogre
 11335 | D:12     | Noticed a two-headed ogre
 11345 | D:12     | Killed a two-headed ogre
 12265 | D:11     | Reached skill level 10 in Fighting
 12265 | D:11     | Reached XP level 13. HP: 95/124 MP: 13/13
 12338 | Orc:1    | Entered Level 1 of the Orcish Mines
 12727 | Orc:2    | Entered Level 2 of the Orcish Mines
 13517 | Orc:2    | Reached skill level 15 in Unarmed Combat
 13583 | Orc:2    | Found Rykhennepn's Weapon Shoppe.
 13583 | Orc:2    | Found Viodu's Distillery.
 13583 | Orc:2    | Found Gemaaber's Book Boutique.
 13583 | Orc:2    | Found Kiq Mesch's Antique Weapon Shoppe.
 13603 | Orc:2    | Bought a potion of berserk rage for 60 gold pieces
 13603 | Orc:2    | Bought a potion of invisibility for 96 gold pieces
 13603 | Orc:2    | Bought a potion of invisibility for 96 gold pieces
 13771 | Orc:1    | Noticed Jorgrun
 14307 | Orc:2    | Found Giunkim's Armour Shop.
 14315 | Orc:2    | Bought a +0 helmet for 67 gold pieces
 14374 | Orc:2    | Found a staircase to the Elven Halls.
 14678 | D:9      | Killed Psyche
 14718 | D:8      | Killed Erica
 14757 | Lair:1   | Entered Level 1 of the Lair of Beasts
 15041 | Lair:1   | Bought a scroll of identify for 28 gold pieces
 15041 | Lair:1   | Bought a scroll of teleportation for 42 gold pieces
 15041 | Lair:1   | Bought a scroll of identify for 28 gold pieces
 15041 | Lair:1   | Bought a scroll of identify for 28 gold pieces
 15136 | Lair:1   | Reached XP level 14. HP: 128/137 MP: 14/14
 16645 | Lair:1   | Bought an encrusted plate armour for 924 gold pieces
 16645 | Lair:1   | Identified the +3 plate armour "Totta Hall" {Contam rF+
                  | rCorr} (You bought it in a shop on level 1 of the Lair of
                  | Beasts)
 16800 | Lair:2   | Found a staircase to the Shoals.
 17890 | Lair:3   | Noticed Gastronok
 17906 | Lair:3   | Killed Gastronok
 18656 | Lair:4   | Identified the +0 chain mail of Card Tricks {Dex+3}
 18748 | Lair:4   | Found a staircase to the Slime Pits.
 19264 | Lair:4   | Found a viscous altar of Jiyva.
 19668 | Lair:1   | Bought a steaming plate armour for 924 gold pieces
 19668 | Lair:1   | Identified the +0 plate armour of Kaahouc {rN+ rCorr Str+5
                  | Dex-5} (You bought it in a shop on level 1 of the Lair of
                  | Beasts)
 19777 | Lair:5   | Entered Level 5 of the Lair of Beasts
 20152 | Lair:5   | Reached XP level 15. HP: 148/148 MP: 15/15
 21137 | Lair:5   | Identified the +1 dagger of Armageddon {freeze, *Rage Str+2
                  | Dex+3}
 22327 | D:13     | Found a gate to the Vaults.
 22690 | Lair:1   | Bought the -2 hat of the Alchemist {rElec rPois rF+ rC+ rN+
                  | Will+ rMut rCorr} for 1557 gold pieces
 22690 | Lair:1   | Found the -2 hat of the Alchemist {rElec rPois rF+ rC+ rN+
                  | Will+ rMut rCorr}
 24018 | D:14     | Identified the +0 ring mail "Kap Akk" {rN+ rCorr MP-9 Dex+2
                  | SInv}
 24342 | D:15     | Entered Level 15 of the Dungeon
 24577 | D:15     | Found a staircase to the Depths.
 24715 | D:15     | Found a shimmering blue altar of Sif Muna.
 24772 | D:15     | Reached XP level 16. HP: 150/161 MP: 16/16
 25131 | D:15     | Identified the granite talisman of Daisies {rN+ Will+
                  | Dex-3}
 25131 | D:15     | Noticed Roxanne
 25601 | Lair:2   | Found a staircase to the Snake Pit.
 25636 | Snake:1  | Entered Level 1 of the Snake Pit
 25888 | Snake:1  | Found a sacrificial altar of Ru.
 26167 | Snake:1  | Found Xadwypot's Distillery.
 26167 | Snake:1  | Found Eshruuna's General Store.
 26362 | Snake:1  | Found Ockein's Jewellery Shoppe.
 26362 | Snake:1  | Found Meriew's Weapon Shop.
 26365 | Snake:1  | Found Pimanlol's Magic Scroll Boutique.
 26377 | Snake:1  | Bought an amulet of regeneration for 570 gold pieces
 26416 | Snake:1  | Bought a +0 cloak of willpower for 172 gold pieces
 26416 | Snake:1  | Bought a scroll of teleportation for 45 gold pieces
 26432 | Snake:1  | Bought a potion of heal wounds for 70 gold pieces
 26432 | Snake:1  | Bought a potion of lignification for 42 gold pieces
 26432 | Snake:1  | Bought a potion of curing for 42 gold pieces
 26821 | Snake:2  | Reached skill level 15 in Fighting
 28598 | Snake:4  | Entered Level 4 of the Snake Pit
 28861 | Snake:4  | Noticed Agnes
 28866 | Snake:4  | Killed Agnes
 29309 | Snake:4  | Identified the serpent talisman of Inviolability {rPois rF-
                  | rN+}
 29309 | Snake:4  | Noticed Aizul
 29424 | Snake:4  | Reached XP level 17. HP: 139/172 MP: 17/17
 29424 | Snake:4  | Noticed Vashnia
 29462 | Snake:4  | Killed Vashnia
 29676 | Snake:4  | Killed Aizul
 30475 | Snake:4  | Got a serpentine rune of Zot
 30735 | Shoals:1 | Entered Level 1 of the Shoals
 30778 | Shoals:1 | Found a transporter.
 30904 | Shoals:1 | Bought the ring of Yfraqy {rC+ AC+4} for 850 gold pieces
 30916 | Shoals:1 | Found a transporter.
 30917 | Shoals:1 | Noticed Qefi's ghost (adept MiBe)
 30921 | Shoals:1 | Noticed a kraken
 30948 | Shoals:1 | Killed a kraken
 30966 | Shoals:1 | Killed Qefi's ghost
 31022 | Shoals:1 | Identified the ring "Cear" {Fly rN+ Str-4 Dex+3 SInv}
 31449 | Shoals:2 | Noticed Donald
 31463 | Shoals:2 | Killed Donald
 31589 | Shoals:2 | Noticed Nikola
 31603 | Shoals:2 | Killed Nikola
 31912 | Shoals:2 | Noticed Ilsuiw
 31933 | Shoals:2 | Killed Ilsuiw
 31934 | Shoals:2 | Reached XP level 18. HP: 159/184 MP: 18/18
 32845 | Shoals:4 | Entered Level 4 of the Shoals
 32879 | Shoals:4 | Noticed Polyphemus
 32902 | Shoals:4 | Killed Polyphemus
 33040 | Shoals:4 | Got a barnacled rune of Zot
 33265 | Shoals:4 | Identified the +3 glaive of Gallantry {heavy, Dex+3}
 33427 | Shoals:4 | Noticed Louise
 33455 | Shoals:4 | Killed Louise
 33728 | Shoals:4 | Identified the staff "Fish" {rF+ rCorr Fire}
 34148 | Elf:1    | Entered Level 1 of the Elven Halls
 34860 | Elf:2    | Reached XP level 19. HP: 187/196 MP: 19/19
 35130 | Elf:2    | Found Soucsoc's Elven Fire.
 35314 | Elf:2    | Found Jeahidynk's Antique Armour Boutique.
 35479 | Elf:2    | Found a runed translucent gate.
 35480 | Elf:2    | Found a runed translucent gate.
 35480 | Elf:2    | Found a runed translucent gate.
 35523 | Elf:3    | Entered Level 3 of the Elven Halls
 35656 | Elf:3    | Noticed a Tzitzimitl
 35717 | Elf:3    | Paralysed by an air elemental for 1 turns
 36048 | Elf:3    | Reached skill level 12 in Armour
 36204 | Elf:3    | Identified the +1 buckler of Ydi Jyfyimo {Harm Str+5}
 36259 | Elf:3    | Identified the +6 battleaxe of Internal Strife {spect,
                  | Dex+2}
 36320 | Elf:3    | Identified the ring of Poaxyrgh {Contam rN++ Will+ Str+2
                  | Dex+6}
 36359 | Elf:3    | Reached skill level 13 in Armour
 36507 | Elf:3    | Identified the +3 hand axe of the Final Chapter {venom,
                  | Drain rPois rC+ Dex+3}
 36512 | Elf:3    | Got The Lost Secrets of the Prophet
 36781 | Elf:3    | Found Xauch's General Store.
 36808 | Elf:3    | Bought 2 scrolls of enchant armour for 210 gold pieces
 37066 | Vaults:1 | Entered Level 1 of the Vaults
 37378 | Vaults:1 | Found a flickering gateway to a bazaar.
 37394 | Bazaar   | Entered a bazaar
 37395 | Bazaar   | Found Jyjuysh's Magic Scroll Shop.
 37403 | Bazaar   | Bought a scroll of blinking for 90 gold pieces
 37403 | Bazaar   | Bought a scroll of blinking for 90 gold pieces
 37404 | Bazaar   | Found Igreak's Armour Emporium.
 37421 | Bazaar   | Found Badumy's Jewellery Emporium.
 37429 | Bazaar   | Found Iskisung's General Store.
 37462 | Bazaar   | Bought the +9 scales of the Dragon King {rPois rF+ rC+
                  | Will+} for 1123 gold pieces
 37462 | Bazaar   | Found the +9 scales of the Dragon King {rPois rF+ rC+
                  | Will+}
 37551 | Vaults:1 | Lost mutation: Your tail ends in a venomous barb. [potion
                  | of mutation]
 37551 | Vaults:1 | Lost mutation: Your body sometimes deteriorates upon taking
                  | damage. [potion of mutation]
 37551 | Vaults:1 | Lost mutation: You are robust. (+10% HP) [potion of
                  | mutation]
 37551 | Vaults:1 | Gained mutation: You have a pair of small horns on your
                  | head. [potion of mutation]
 37551 | Vaults:1 | Gained mutation: You are partially covered in iridescent
                  | scales. (AC +2) [potion of mutation]
 37551 | Vaults:1 | Gained mutation: You occasionally lose the ability to drink
                  | potions when taking damage. [potion of mutation]
 37551 | Vaults:1 | Gained mutation: Your magical capacity is low. (-10% MP)
                  | [potion of mutation]
 37551 | Vaults:1 | Gained mutation: Your movements are slightly less
                  | encumbered by armour. (ER -2) [potion of mutation]
 37552 | Vaults:1 | Lost mutation: Your magical capacity is low. (-10% MP)
                  | [potion of mutation]
 37552 | Vaults:1 | Lost mutation: You have a pair of small horns on your head.
                  | [potion of mutation]
 37552 | Vaults:1 | Lost mutation: Your movements are slightly less encumbered
                  | by armour. (ER -2) [potion of mutation]
 37552 | Vaults:1 | Lost mutation: You occasionally lose the ability to drink
                  | potions when taking damage. [potion of mutation]
 37552 | Vaults:1 | Lost mutation: You are partially covered in iridescent
                  | scales. (AC +2) [potion of mutation]
 37552 | Vaults:1 | Gained mutation: You are robust. (+10% HP) [potion of
                  | mutation]
 37552 | Vaults:1 | Gained mutation: You occasionally lose the ability to read
                  | scrolls when taking damage. [potion of mutation]
 37552 | Vaults:1 | Gained mutation: Your tail ends in a venomous barb. [potion
                  | of mutation]
 37553 | Vaults:1 | Lost mutation: You are robust. (+10% HP) [potion of
                  | mutation]
 37553 | Vaults:1 | Lost mutation: Your tail ends in a venomous barb. [potion
                  | of mutation]
 37553 | Vaults:1 | Lost mutation: You occasionally lose the ability to read
                  | scrolls when taking damage. [potion of mutation]
 37553 | Vaults:1 | Gained mutation: You are agile. (Dex +4, Str/Int -1)
                  | [potion of mutation]
 37553 | Vaults:1 | Gained mutation: Your spells are a little easier to cast,
                  | but a little less powerful. [potion of mutation]
 37553 | Vaults:1 | Gained mutation: You are vulnerable to cold. (rC-) [potion
                  | of mutation]
 37553 | Vaults:1 | Gained mutation: You have hidden genetic potential. [potion
                  | of mutation]
 37553 | Vaults:1 | Gained mutation: You are covered in fur. (AC +1) [potion of
                  | mutation]
 37554 | Vaults:1 | Lost mutation: You are vulnerable to cold. (rC-) [potion of
                  | mutation]
 37554 | Vaults:1 | Lost mutation: You are agile. (Dex +4, Str/Int -1) [potion
                  | of mutation]
 37554 | Vaults:1 | Lost mutation: You are covered in fur. (AC +1) [potion of
                  | mutation]
 37554 | Vaults:1 | Lost mutation: Your spells are a little easier to cast, but
                  | a little less powerful. [potion of mutation]
 37554 | Vaults:1 | Gained mutation: You have a pair of small horns on your
                  | head. [potion of mutation]
 37554 | Vaults:1 | Gained mutation: Your spells are a little harder to cast,
                  | but a little more powerful. [potion of mutation]
 37554 | Vaults:1 | Gained mutation: Your body sometimes deteriorates upon
                  | taking damage. [potion of mutation]
 37554 | Vaults:1 | Gained mutation: You expend magic power (3 MP) to
                  | strengthen your wands. [potion of mutation]
 37554 | Vaults:1 | Gained mutation: You possess an exceptional clarity of
                  | mind. [potion of mutation]
 37842 | Vaults:1 | Reached skill level 14 in Armour
 38009 | Vaults:1 | Reached XP level 20. HP: 188/188 MP: 20/20
 38253 | Vaults:2 | Paralysed by a formless jellyfish for 1 turns
 38421 | Vaults:2 | Found a staircase to the Crypt.
 38548 | Vaults:2 | Reached skill level 15 in Armour
 38600 | Vaults:2 | Found Zoazalloif's Book Shoppe.
 38828 | Vaults:2 | Found Josut's Antique Armour Shoppe.
 38842 | Vaults:2 | Bought a smoking kite shield for 389 gold pieces
 38842 | Vaults:2 | Identified the +5 kite shield of the Sun {rPois rF+} (You
                  | bought it in a shop on level 2 of the Vaults)
 39642 | Vaults:3 | Found a transporter.
 39642 | Vaults:3 | Found Featopsau's Antique Armour Shoppe.
 39744 | Vaults:3 | Reached skill level 16 in Armour
 39789 | Vaults:3 | Found a transporter.
 39865 | Vaults:3 | Reached skill level 15 in Shields
 40163 | Vaults:3 | Gained mutation: You have great hidden genetic potential.
                  | [hidden potential]
 40217 | Vaults:3 | Reached skill level 17 in Armour
 40934 | Vaults:4 | Noticed Margery
 40969 | Vaults:4 | Reached XP level 21. HP: 148/194 MP: 21/21
 40991 | Vaults:4 | Killed Margery
 41029 | Vaults:4 | Noticed Jory
 41115 | Vaults:4 | Killed Jory
 41370 | Vaults:4 | Noticed Zenata
 41436 | Vaults:4 | Killed Zenata
 41451 | Vaults:4 | Reached skill level 18 in Armour
 42246 | Vaults:4 | Identified the +11 halberd "Spiderbane" {vamp, rN+ MP+9}
 42268 | Vaults:4 | Found the +7 sceptre of Torment {pain, torment}
 42268 | Vaults:4 | Noticed a golden dragon
 42275 | Vaults:4 | Killed a golden dragon
 42458 | Vaults:4 | Noticed Norris
 42494 | Vaults:4 | Killed Norris
 42704 | Vaults:5 | Entered Level 5 of the Vaults
 42746 | Vaults:5 | Reached skill level 19 in Armour
 43008 | Vaults:5 | Identified the ring of Heresy {rF+ rC+ rN+ SInv}
 43132 | Vaults:5 | a rockslime changed into a juggernaut
 43132 | Vaults:5 | Noticed a juggernaut (glowing shapeshifter)
 43135 | Vaults:5 | a juggernaut changed into a rockslime
 43163 | Vaults:5 | Reached skill level 20 in Armour
 43226 | Vaults:5 | Gained mutation: You occasionally shout uncontrollably at
                  | your foes. [mutagenic glow]
 43434 | Vaults:5 | Noticed a golden dragon
 43462 | Vaults:4 | Killed a golden dragon
 43590 | Vaults:5 | Noticed a golden dragon
 43618 | Vaults:5 | Killed a golden dragon
 43619 | Vaults:5 | Reached XP level 22. HP: 197/202 MP: 22/22
 43689 | Vaults:5 | Identified the +2 buckler of Gallantry {Int+2 Stlth+}
 43702 | Vaults:5 | Identified the +5 glaive "Estrynoh" {flame, rPois Int+3}
 43911 | Vaults:5 | Got the Cyclopedia of Prime Effluvium
 44109 | Vaults:5 | Noticed a dread lich
 44124 | Vaults:5 | Killed a dread lich
 44290 | Vaults:5 | Identified the +6 halberd of Trial by Ordeal {freeze,
                  | *Corrode rF+ rC+ Int+3}
 44304 | Vaults:5 | Reached skill level 21 in Armour
 44313 | Vaults:5 | Noticed a golden dragon
 44315 | Vaults:5 | Identified the ring "Irotsy" {rPois Str+6 Int+2}
 44319 | Vaults:5 | Killed a golden dragon
 44443 | Vaults:5 | Identified the +1 plate armour of Miagyrch {rPois rN+ MP+9}
 44444 | Vaults:5 | Identified the +3 scale mail of Tomorrow {rC+}
 44453 | Vaults:5 | Identified the +0 chain mail of the Chimera {+Blink Will++}
 44476 | Vaults:5 | Got a silver rune of Zot
 44487 | Vaults:5 | Got the Lessons on Damage
 44511 | Vaults:5 | Identified the staff of Juuconti {rElec SInv Earth}
 44759 | Vaults:5 | Identified the +2 ice dragon scales of Anarchy {Rampage rF-
                  | rC++}
 45121 | Depths:1 | Entered Level 1 of the Depths
 45586 | Depths:1 | Found a gateway to Hell.
 46133 | Depths:2 | Gained mutation: You have very sharp teeth. [hidden
                  | potential]
 46133 | Depths:2 | Lost mutation: You have great hidden genetic potential.
                  | [hidden potential expressed]
 46409 | Depths:2 | Found a one-way gate to the infinite horrors of the Abyss.
 46472 | Depths:2 | Found a one-way gate leading to the halls of Pandemonium.
 46663 | Depths:2 | Noticed Saint Roka
 46711 | Depths:2 | Killed Saint Roka
 47073 | Depths:2 | Reached XP level 23. HP: 146/215 MP: 23/23
 47204 | Depths:2 | Found Falaxof's Book Shoppe.
 47204 | Depths:2 | Found Lulih's Jewellery Boutique.
 47205 | Depths:2 | Found Tytwithril's Book Shoppe.
 47245 | Depths:2 | Bought a manual of Armour for 1280 gold pieces
 47321 | Depths:2 | Found a runed translucent door.
 47361 | Depths:2 | Found a runed translucent door.
 47361 | Depths:2 | Found a runed translucent door.
 47361 | Depths:2 | Found a runed translucent door.
 47529 | Depths:3 | Reached skill level 22 in Armour
 47713 | Depths:3 | Noticed a juggernaut
 47722 | Depths:3 | Killed a juggernaut
 47761 | Depths:3 | Reached skill level 23 in Armour
 47888 | Depths:3 | Found Ureaquoq's Jewellery Emporium.
 47890 | Depths:3 | Found Teplur's Antique Armour Shoppe.
 47890 | Depths:3 | Found Yjo Ipo's Jewellery Emporium.
 47893 | Depths:3 | Found Vaama's General Store.
 47936 | Depths:3 | Noticed Xtahua
 47947 | Depths:3 | Killed Xtahua
 47948 | Depths:3 | Reached skill level 24 in Armour
 48187 | Depths:4 | Entered Level 4 of the Depths
 48311 | Depths:4 | Reached skill level 25 in Armour
 48456 | Depths:4 | Reached skill level 26 in Armour
 48566 | Depths:4 | Found a one-way gateway to a ziggurat.
 48566 | Depths:4 | Noticed an ancient lich
 48580 | Depths:4 | Killed an ancient lich
 48703 | Zig:1    | Entered Level 1 of a ziggurat
 48703 | Zig:1    | Noticed Taicvita the pandemonium lord
 48720 | Zig:1    | Killed Taicvita the pandemonium lord
 48729 | Zig:2    | Entered Level 2 of a ziggurat
 48729 | Zig:2    | Found the +8 demon blade "Leech" {evervamp, Harm Drain rN+}
 48748 | Zig:3    | Entered Level 3 of a ziggurat
 48757 | Zig:3    | Gained mutation: Your flesh is heat resistant. (rF+)
                  | [hidden potential]
 48766 | Zig:3    | Identified the +10 plate armour of the Unbroken {rCorr}
 48866 | Zig:4    | Entered Level 4 of a ziggurat
 48919 | Zig:4    | Got Ohaym's Enchiridion on Malediction
 48924 | Zig:5    | Entered Level 5 of a ziggurat
 48999 | Zig:5    | Reached skill level 27 in Armour
 48999 | Zig:5    | Reached XP level 24. HP: 224/224 MP: 23/23
 48999 | Zig:5    | Reached XP level 25. HP: 231/231 MP: 23/23
 49008 | Zig:6    | Entered Level 6 of a ziggurat
 49112 | Zig:6    | Found the +7 Throatcutter {drain, coup de grace}
 49146 | Zig:6    | Got Sif Muna's Further Progress in Willworking
 49152 | Zig:7    | Entered Level 7 of a ziggurat
 49157 | Zig:7    | Noticed Loujywa the pandemonium lord
 49173 | Zig:7    | Found the +5 robe of Night {Dark Will+ SInv}
 49192 | Zig:7    | Killed Loujywa the pandemonium lord
 49379 | Depths:4 | Found an ornate altar of the Wu Jian Council.
 49534 | Depths:4 | Found a gate to the Realm of Zot.
 49761 | Zot:1    | Entered Level 1 of the Realm of Zot
 49910 | Zot:2    | Reached XP level 26. HP: 240/240 MP: 23/23
 50001 | Zot:3    | Noticed an orb of fire
 50013 | Zot:3    | Killed an orb of fire
 50295 | Zot:5    | Entered Level 5 of the Realm of Zot
 50494 | Zot:5    | Noticed a dread lich
 50502 | Zot:5    | Noticed an ancient lich
 50520 | Zot:5    | Noticed an orb of fire
 50539 | Zot:5    | Killed an orb of fire
 50542 | Zot:5    | Noticed an orb of fire
 50547 | Zot:5    | Noticed an orb of fire
 50596 | Zot:5    | Noticed an orb of fire
 50597 | Zot:5    | Got the Orb of Zot
 50624 | Zot:5    | Killed an ancient lich
 50667 | Zot:3    | Noticed a seraph
 50694 | Zot:2    | Noticed Fieb the pandemonium lord
 50709 | Zot:2    | Noticed Vv
 50829 | Depths:4 | Gained mutation: You are strong-willed. (Will+) [hidden
                  | potential]
 50829 | Depths:4 | Lost mutation: You have hidden genetic potential. [hidden
                  | potential expressed]
 50884 | Depths:2 | Noticed Dupniyme the pandemonium lord
 50907 | Depths:2 | Killed Dupniyme the pandemonium lord
 50930 | Depths:1 | Noticed Zeorph the pandemonium lord
 50957 | Depths:1 | Killed Zeorph the pandemonium lord
 51248 | D:$      | Escaped with the Orb!

Illustrated notes

Levels and vault maps discovered:
D:1:      orjb1_lava_funnel, layout_rooms,
          shapermc_ecumenical_altar_starsandcircs, minmay_close_crescents
D:2:      minmay_general_purpose_star, layout_basic
D:3:      minmay_door_path, layout_basic, serial_forest,
          infiniplex_forest_clump_curved, infiniplex_forest_lined_room_2,
          infiniplex_forest_clump_double, infiniplex_forest_lined_corner,
          infiniplex_forest_corner_1, infiniplex_forest_lined_room_2,
          infiniplex_forest_straight_3
D:4:      layout_basic, kennysheep_mini_moat, minmay_temple_entry_antechambers,
          gammafunk_ghost_stat_death
D:5:      layout_basic, minmay_holes, amcnicky_mini_rare_corridor_liquid
D:6:      layout_cave_pools, okawaru_trees_2, uniq_sigmund
D:7:      layout_cave_pods, nemelex_diamond_rough_becter, nicolae_hexahallways
D:8:      gammafunk_beogh_shrine, layout_rooms, grunt_gozag_breadcrumbs,
          serial_shops, nicolae_shop_gibbet_a_chance, enter_bailey_3,
          uniq_psyche, uniq_erica
D:9:      layout_roguey, mainiacjoe_overflow_boulevard, old_standard_altar,
          tso_oasis_becter
D:10:     layout_cave_pools, hangedman_ru_absence, slow_altar_2
D:11:     layout_loops_corners, nicolae_underground_beach, uniq_snorg
D:12:     layout_long_grid, orc_0_dummy
D:13:     layout_basic, grunt_vaults_entry_tiered,
          portal_ice_cave_entry_pillars_1
D:14:     layout_irregular_city
D:15:     grunt_enter_depths_hoard, layout_basic, lemuel_tele_altar,
          nicolae_kite_square_tiling_tiny, uniq_roxanne
Temple:   dshaligram_water_room_temple
Lair:1:   layout_regular_city
Lair:2:   layout_loops_ring, minmay_shoals_entry_beasts,
          nicolae_snake_entry_squirm, infiniplex_staircase_pool
Lair:3:   layout_gridlike, serial_bayou_shore_b, uniq_gastronok
Lair:4:   layout_cave_pods, slime_entry_1, wad_woods_river_01
Lair:5:   grunt_lair_end_beastmaster, layout_misc_corridors,
          kennysheep_basilisk_garden
Shoals:1: layout_shoals, ebering_ghost_davey_jones
Shoals:2: layout_shoals, uniq_donald, uniq_nikola, uniq_ilsuiw
Shoals:3: layout_shoals, nicolae_shoals_kraken_party
Shoals:4: shoals_end_simple, layout_shoals, uniq_polyphemus, uniq_louise
Snake:1:  layout_honeycomb, basic_altar, nicolae_snake_serpentine_bazaar
Snake:2:  layout_chambers, serial_bayou_shore_a
Snake:3:  layout_cave_town, grunt_megastairs_5
Snake:4:  minmay_snake_end_coiled, layout_cave_town, uniq_vashnia, uniq_aizul,
          uniq_agnes
Orc:1:    layout_caves, basic_altar, gammafunk_ghost_necromancy, uniq_jorgrun
Orc:2:    st_orc_ogre_mass, layout_diamond_mine, serial_shops, shop,
          mines4_lemuel
Elf:1:    elf_arrival_001, layout_gridlike, minivault_28, lemuel_upstairs_altar,
          minmay_shop_star
Elf:2:    nicolae_elf_blades_crystal_corner, layout_geoelf_octagon,
          serial_shops, nicolae_shop_back_alley_shop, guppyfry_elf_lava
Elf:3:    minmay_elf_hall_furrowed, layout_onion_city, serial_shops, shop,
          minivault_25_ag, minmay_misc_feat_rows, grunt_ministairs_3
Vaults:1: vaults_room_hallway, nicolae_vaults_swerve,
          grunt_vaults_hallway_short, v_misc_27,
          nicolae_vaults_security_offices_3, nicolae_vaults_apartment_1,
          nicolae_vaults_tetromino_Z_1, vaults_dpeg_ring,
          layout_vaults_big_room, serial_shops, bzr_entry_water
Vaults:2: dpeg_vaults_hating_casters, minmay_crypt_entry_nasty_monster,
          v_misc_10, vaults_room_door_ring, vaults_dpeg_doors,
          nicolae_vaults_sesquioval_fish, vaults_room_mumra_shop_pool,
          nicolae_vaults_double_plus_1, v_rooms_1, v_misc_23,
          nicolae_vaults_tetromino_T_2, layout_vaults_omnigrid, serial_shops,
          shop
Vaults:3: grunt_vaults_hallway_short, nicolae_vaults_yaktaur_gun_rack,
          v_pattern_4, nicolae_vaults_diamond_1, hangedman_vaults_capsules,
          v_rooms_3, nicolae_vaults_triangles, hangedman_vaults_hat,
          nicolae_vaults_ring_of_whatevers, nicolae_vaults_tetromino_Z_2,
          ontoclasm_vaults_misaligned, nicolae_vaults_diamond_1,
          vaults_dpeg_hooks, layout_vaults_ring, serial_shops,
          nicolae_shop_drivethru
Vaults:4: hangedman_vaults_slice, nicolae_vaults_good_morning_starshine,
          nicolae_vaults_stairing_the_circle, nicolae_vaults_twisting_passages,
          hangedman_vaults_stagger, nicolae_vaults_more_shelving_1,
          nicolae_vaults_border_crossing, nicolae_vaults_house_2,
          vaults_room_hallway, layout_vaults_omnibox, uniq_zenata, uniq_margery,
          uniq_norris, uniq_jory
Vaults:5
Depths:1: layout_gridlike, hangedman_abyss_or_decor_clamps, hell_entry,
          fountainhead, serial_library_hellmonk_layered_room,
          kennysheep_generic_room_2
Depths:2: minmay_the_grid_triangle_9x9_rhombus_full
          [minmay_the_grid_triangle_9x9_skeleton,
          minmay_the_grid_triangle_9x9_corruption,
          minmay_the_grid_triangle_9x9_subtriangle,
          minmay_the_grid_triangle_9x9_fully_insulated_deathbox,
          minmay_the_grid_triangle_9x9_negative_grid,
          minmay_the_grid_triangle_9x9_swiss_cheese,
          minmay_the_grid_triangle_9x9_thin_v,
          minmay_the_grid_triangle_9x9_prize_center], layout_cave_shapes,
          rand_demon_pan_entry_3, pf_hell_entry_tar_river, abyss_entry,
          minmay_shop_grove, uniq_saint_roka
Depths:3: evilmike_lava_path, layout_cave_shapes, ebering_dispersal_statue_hall,
          rand_demon_pan_entry_4, hell_entry, abyss_entry_crystal,
          minmay_shoptagon, infiniplex_staircase_spiral, uniq_xtahua
Depths:4: evilmike_zot_entry_round, layout_honeycomb, enter_ziggurat_d,
          grunt_hell_entry_dis_grunt, nicolae_wu_jian_immortal_techniques
Zot:1:    layout_twisted_circle, regret_index_zotdec_carving_tricks,
          lemuel_lake_of_fire, uniq_parghit
Zot:2:    layout_cathedral_of_symmetry, hangedman_zot_wheel_spokes,
          regret_index_zotdec_fiery_em, grunt_ministairs_11,
          st_single_dragon_hoard_3, uniq_vv
Zot:3:    layout_cathedral_of_symmetry
Zot:4:    layout_twisted_circle, regret_index_zotdec_icy_dp
Zot:5:    layout_cathedral_of_symmetry

Skill      XL: |  1  2  3  4  5  6  7  8  9 10 11 12 13 14 15 16 17 18 19 20 21 22 23 24 25 26 |
---------------+-------------------------------------------------------------------------------+-----
Unarmed Combat | 2 3 4 5 7 9 11 13 15 17 19 21 22 24 25 26 | 26.1
Fighting       | 3 4 5 6 8 10 11 13 14 15 16 18 19 20 21 | 21.1
Armour         | 11 14 17 20 21 27 | 27.0
Shields        | 10 13 16 18 20 | 20.9

Action                     |  1- 3 |  4- 6 |  7- 9 | 10-12 | 13-15 | 16-18 | 19-21 | 22-24 | 25-27 || total
---------------------------+-------+-------+-------+-------+-------+-------+-------+-------+-------++-------
  Melee: Unarmed           |   142 |    43 |       |   261 |  1375 |  1626 |  1971 |  1249 |   650 ||  7317
         Tailslap          |     9 |     7 |    23 |    32 |   230 |   328 |   431 |   311 |   144 ||  1515
         Quarterstaff      |       |    63 |   264 |    40 |       |       |       |       |       ||   367
         Headbutt          |       |       |       |       |       |       |   494 |   417 |   201 ||  1112
         Bite              |       |       |       |       |       |       |       |   145 |   111 ||   256
  Throw: Dart              |       |       |     4 |    19 |    10 |       |       |       |       ||    33
         Javelin           |       |       |       |     5 |     4 |       |       |       |       ||     9
 Invoke: Call Merchant     |       |       |       |     1 |     2 |     2 |       |       |       ||     5
         Potion Petition   |       |       |       |       |       |       |     5 |       |     1 ||     6
         Bribe Branch      |       |       |       |       |       |       |       |       |     2 ||     2
  Evoke: Wand              |       |     3 |     8 |    12 |     9 |    14 |       |       |     1 ||    47
         Phantom mirror    |       |       |       |       |       |     2 |     1 |       |       ||     3
         Lightning rod     |       |       |       |       |       |    12 |     5 |       |       ||    17
         Phial of floods   |       |       |       |       |       |     2 |     2 |       |       ||     4
         Tin of tremorston |       |       |       |       |       |       |     2 |       |       ||     2
    Use: Potion            |     1 |     2 |     6 |    10 |     2 |     4 |     8 |     2 |     5 ||    40
         Scroll            |       |     9 |     4 |     9 |    14 |     7 |    13 |     6 |    10 ||    72
   Stab: Distracted        |       |       |     2 |     2 |     3 |    13 |     8 |     4 |     5 ||    37
         Invisible         |       |       |       |       |     3 |       |     8 |       |       ||    11
 Armour: Scale mail        |    92 |    61 |   243 |   187 |   237 |       |       |       |       ||   820
         Skin              |       |       |    26 |    88 |       |       |     2 |       |       ||   116
         Plate armour      |       |       |       |       |   673 |  1291 |   387 |       |       ||  2351
         Gold dragon scale |       |       |       |       |       |       |  1129 |   943 |   352 ||  2424
  Dodge: Dodged            |    33 |    32 |    79 |    58 |   291 |   128 |    85 |    84 |    27 ||   817
  Block: Buckler           |    15 |     8 |       |    74 |   197 |       |       |       |       ||   294
         Kite shield       |       |       |       |       |   256 |   864 |   994 |   862 |   356 ||  3332

Table legend: (Time is in decaauts)
 A = Elapsed time spent in this place.
 B = Non-inter-level travel time spent in this place.
 C = Inter-level travel time spent in this place.
 D = Time resting spent in this place.
 E = Time spent auto-exploring this place.
 F = Levels seen in this place.
 G = Mean time per level.
                   A        B        C        D        E       F      G
               +--------+--------+--------+--------+--------+-----+--------+
         Total |  48736 |  43415 |   5321 |   1785 |  31074 |  57 |  855.0 |
       Dungeon |  15513 |  13358 |   2155 |    742 |  10368 |  15 | 1034.2 |
        Temple |      1 |      1 |      0 |      0 |      0 |   1 |    1.0 |
          Lair |   6907 |   6136 |    771 |     42 |   4959 |   5 | 1381.4 |
        Shoals |   2927 |   2081 |    846 |     61 |   1137 |   4 |  731.8 |
     Snake Pit |   4817 |   4452 |    365 |     28 |   3274 |   4 | 1204.2 |
  Orcish Mines |   2312 |   2138 |    174 |    211 |   1525 |   2 | 1156.0 |
   Elven Halls |   2535 |   2378 |    157 |     67 |   1571 |   3 |  845.0 |
        Vaults |   7060 |   6720 |    340 |    270 |   4461 |   5 | 1412.0 |
        Depths |   3789 |   3512 |    277 |      0 |   2508 |   4 |  947.2 |
           Zot |    827 |    594 |    233 |      0 |    288 |   5 |  165.4 |
      Ziggurat |    509 |    509 |      0 |      0 |    283 |   7 |   72.7 |
        Bazaar |     99 |     99 |      0 |     10 |     37 |   1 |   99.0 |
        Bailey |   1435 |   1435 |      0 |    354 |    662 |   1 | 1435.0 |
               +--------+--------+--------+--------+--------+-----+--------+

Top non-repeatable levels by time:
 Snake:4: 1892 daAuts
   Orc:2: 1824 daAuts
Vaults:5: 1801 daAuts
  Lair:4: 1795 daAuts
Vaults:4: 1792 daAuts
     D:9: 1605 daAuts
  Lair:1: 1509 daAuts
     D:7: 1470 daAuts
  Bailey: 1435 daAuts
  Lair:2: 1398 daAuts
    D:13: 1369 daAuts
    D:12: 1361 daAuts
  Lair:5: 1285 daAuts
Vaults:3: 1274 daAuts
   Elf:3: 1231 daAuts
